 Dungeon Crawl Stone Soup version 0.30.0-29-ga12c61a403 (webtiles) character file.

Game seed: 16230879080581152013

1411 McKennaii the Trooper (level 8, -2/63 HPs)
             Began as a Demonspawn Fighter on June 4, 2023.
             Was an Initiate of Sif Muna.
             Killed by divine providence
             ... invoked by an orc priest
              (9 damage)
             ... on level 4 of the Dungeon.
             The game lasted 00:10:18 (4959 turns).

McKennaii the Trooper (Demonspawn Fighter)          Turns: 4959, Time: 00:10:18

Health: -2/63      AC: 16    Str: 17    XL:     8   Next: 43%
Magic:  14/14      EV:  8    Int: 11    God:    Sif Muna [......]
Gold:   164        SH:  5    Dex: 13    Spells: 12/15 levels left

rFire   . . .        a - +0 trident
rCold   . . .        c - +0 buckler
rNeg    . . .        e - +0 chain mail
rPois   .            n - +1 helmet
rElec   .            (no cloak)
rCorr   .            (no gloves)
SInv    .            (no boots)
Will    +....        r - amulet of the acrobat Stlth
                     j - +4 ring of protection
HPRegen 0.30/turn    p - ring of willpower
MPRegen 0.28/turn

%: acrobat
@: no status effects
A: magic regeneration, sturdy frame 1, demonic magic 1, weakness stinger 1
a: Renounce Religion


You were on level 4 of the Dungeon.
You worshipped Sif Muna.
Sif Muna was noncommittal.
You visited 2 branches of the dungeon, and saw 6 of its levels.
You also visited: Ossuary.

You collected 306 gold pieces.
You spent 142 gold pieces at shops.

Inventory:

Hand Weapons
 a - a +0 trident (weapon)
Armour
 c - a +0 buckler (worn)
 e - a +0 chain mail (worn)
 n - a +1 helmet (worn)
Jewellery
 j - a +4 ring of protection (left hand)
 p - a ring of willpower (right hand)
 r - an amulet of the acrobat (around neck)
Wands
 g - a wand of paralysis (8)
 h - a wand of flame (1)
Scrolls
 f - 3 scrolls of poison
 i - a scroll of blinking
 k - a scroll of noise
 m - a scroll of enchant armour
 u - a scroll of amnesia {unknown}
 x - 2 scrolls of silence {unknown}
 y - a scroll of immolation {unknown}
 B - a scroll of identify
 C - a scroll of fear {unknown}
Potions
 b - 4 potions of cancellation {unknown}
 d - a potion of might
 l - 4 potions of attraction {unknown}
 o - a potion of lignification {unknown}
 q - a potion of curing
 s - a potion of brilliance {unknown}
 t - a potion of haste {unknown}
 v - a potion of ambrosia {unknown}
 w - 2 potions of mutation {unknown}
 z - a potion of heal wounds {unknown}
 A - a potion of magic {unknown}


   Skills:
 - Level 5.4 Fighting
 - Level 2.2 Polearms
 + Level 5.4 Armour
 - Level 4.0 Shields
 + Level 4.3 Spellcasting
 + Level 4.1 Air Magic


You had 12 spell levels left.
You knew the following spells:

 Your Spells              Type           Power      Damage    Failure   Level
a - Vhi's Electric Charg  Tloc/Air       12%        N/A       89%         3

Your spell library contained the following spells:

 Spells                   Type           Power      Damage    Failure   Level
 Beastly Appendage        Tmut           4%         N/A       83%         1
 Wereblood                Tmut           2%         N/A       93%         2
 Inner Flame              Hex/Fire       2%         N/A       99%         3
 Spider Form              Tmut/Pois      2%         N/A       99%         3
 Arcjolt                  Conj/Air       3%         1d13      100%        5
 Yara's Violent Unravell  Hex/Tmut       1%         3d3       100%        5
 Enfeeble                 Hex            1%         N/A       100%        7
 Maxwell's Capacitive Co  Air            5%         ∞         100%        8


Dungeon Overview and Level Annotations

Branches:
Dungeon (5/15)             Temple (1/1) D:4         Ossuary (visited)

Altars:
Ashenzari
Cheibriados
Dithmenos
Gozag
Kikubaaqudgha
Nemelex Xobeh
Okawaru
Ru
Sif Muna

Shops:
D:5 [

Annotations:
D:5 Dowan, Duvessa


Innate Abilities, Weirdness & Mutations

You regenerate magic rapidly.
Your movements are slightly less encumbered by armour. (ER -2)
Spells you cast may paralyse adjacent enemies.
You have a small tail.


Message History

You hit the orc priest.
The orc priest is moderately wounded.
The orc priest invokes the aid of Beogh against you.
Beogh smites you!
The orc priest hits you with a +0 flail.
You are too injured to fight recklessly!
You are too injured to fight recklessly!
You are too injured to fight recklessly!
You barely miss the orc priest.
The orc priest is moderately wounded.
The orc priest casts a cantrip, but nothing happens.
The orc priest hits you but does no damage.
You completely miss the orc priest.
The orc priest is moderately wounded.
The orc priest completely misses you. The orc priest barely misses you.
You hit the orc priest. You tail-slap the orc priest.
The orc priest is severely wounded.
The orc priest barely misses you.
The orc priest looks encouraged for a moment.
You closely miss the orc priest.
The orc priest is severely wounded.
The orc priest hits you but does no damage. x2
The orc priest closely misses you.
The orc priest hits you with a +0 flail.
* * * LOW HITPOINT WARNING * * *
You barely miss the orc priest.
The orc priest is severely wounded.
The orc priest hits you but does no damage.
The orc priest looks encouraged for a moment.
You hit the orc priest but do no damage.
The orc priest is severely wounded.
The orc priest mumbles some strange prayers to Beogh against you.
Beogh smites you!
* * * LOW HITPOINT WARNING * * *
The orc priest hits you but does no damage.
You hit the orc priest but do no damage.
The orc priest is severely wounded.
The orc priest calls down the wrath of Beogh upon you.
Beogh smites you!
You die...

..##........(..........<.(.##....
####.............................
# #.......................>.....
#.......#.#................#..
##......###.##............##..
#......###..#....#...###......
##....###......####...###..##.
#...#.#....)..# ##........#.
##.........o@### #.........#.
#..#....##o.[.###...........
###......#..####......>.####
#>......#### #.........###
###....### ##.#.......# #...(..#
####......## ####..##
##.........# #.## #.......#..#
### ##..####.####


You could see 2 orc priests.

Vanquished Creatures
  An ogre (D:4)
  A phantom (D:3)
  A bullfrog (D:5)
  A scorpion (D:3)
  A wyvern zombie (Ossuary)
  11 bullfrog zombies (Ossuary)
  2 jellies (D:5)
  A centaur zombie (Ossuary)
  A gnoll bouda (D:4)
  A hound (D:5)
  2 orc priests (D:3)
  An iguana (D:5)
  A howler monkey zombie (Ossuary)
  15 mummies
  Robin (D:2)
  3 gnolls
  6 adders
  5 dart slugs
  16 orcs
  3 bats
  7 endoplasms
  2 giant cockroaches
  17 goblins
  5 hobgoblins
  7 kobolds
  5 quokkas
  7 ball pythons
  2 frilled lizards (D:2)
  5 rats
131 creatures vanquished.

Notes
Turn   | Place    | Note
-------+----------+-------------------------------------------
     0 | D:1      | McKennaii the Demonspawn Fighter began the quest for the
                  | Orb.
     0 | D:1      | Reached XP level 1. HP: 18/18 MP: 1/1
    40 | D:1      | Gained mutation: Spells you cast may paralyse adjacent
                  | enemies. [demonic ancestry]
    40 | D:1      | Reached XP level 2. HP: 24/24 MP: 2/2
   519 | D:2      | Gained mutation: Your movements are slightly less
                  | encumbered by armour. (ER -2) [demonic ancestry]
   519 | D:2      | Reached XP level 3. HP: 29/29 MP: 3/3
   783 | D:2      | Noticed Robin
  1022 | D:2      | Learned a level 3 spell: Vhi's Electric Charge
  1054 | D:2      | Killed Robin
  1055 | D:2      | Reached XP level 4. HP: 35/35 MP: 5/5
  1132 | D:3      | Reached skill level 1 in Spellcasting
  1210 | D:3      | Noticed a scorpion
  1235 | D:3      | Killed a scorpion
  1236 | D:3      | Reached XP level 5. HP: 26/42 MP: 5/7
  1337 | D:3      | Reached skill level 1 in Air Magic
  1874 | D:3      | Found a sparkling altar of Nemelex Xobeh.
  1941 | D:3      | Found an opulent altar of Gozag.
  2222 | D:4      | Noticed a phantom
  2272 | D:3      | Killed a phantom
  2273 | D:3      | Gained mutation: You have a small tail. [demonic ancestry]
  2273 | D:3      | Reached XP level 6. HP: 43/48 MP: 7/9
  2318 | D:4      | Found a shadowy altar of Dithmenos.
  2835 | D:5      | Entered Level 5 of the Dungeon
  2850 | D:5      | Noticed a torpor snail
  2850 | D:5      | Noticed a torpor snail
  2850 | D:5      | Found a snail-covered altar of Cheibriados.
  2907 | D:5      | Noticed Dowan
  3038 | D:5      | Found Joump's Antique Armour Boutique.
  3072 | D:5      | Bought a bloodstained robe for 142 gold pieces
  3072 | D:5      | Identified the +1 robe "Sifoideg" {rN+} (You bought it in a
                  | shop on level 5 of the Dungeon)
  3153 | D:5      | Found a sand-covered staircase.
  3163 | Ossuary  | Entered an ossuary
  3184 | Ossuary  | Gained mutation: You regenerate magic rapidly. [demonic
                  | ancestry]
  3184 | Ossuary  | Reached XP level 7. HP: 43/55 MP: 10/10
  3321 | Ossuary  | Reached skill level 5 in Fighting
  3553 | Ossuary  | Reached XP level 8. HP: 38/62 MP: 13/13
  3786 | Ossuary  | Reached skill level 5 in Armour
  4035 | D:5      | Noticed Duvessa
  4403 | D:4      | Found a staircase to the Ecumenical Temple.
  4495 | D:4      | Found a sacrificial altar of Ru.
  4685 | Temple   | Entered the Ecumenical Temple
  4893 | Temple   | Became a worshipper of Sif Muna the Loreminder
  4959 | D:4      | Killed from afar by an orc priest

Illustrated notes

Levels and vault maps discovered:
D:1:      ebering_trefoil_3fold, layout_rooms, kennysheep_minor_cross
D:2:      layout_rooms, uniq_robin
D:3:      layout_loops_corners, grunt_gozag_statues, nemelex_dance_club_becter,
          nicolae_elevator_lobby_asterisk
D:4:      layout_cave_pools, nicolae_ru_the_path_less_chosen,
          nicolae_overflow_squiral, minmay_temple_entry_statues_fountains,
          serial_rivers, chequers_serial_rivers_small_3,
          chequers_serial_rivers_micro_d, chequers_serial_rivers_small_b,
          chequers_serial_rivers_micro_a
D:5:      layout_basic, cheibriados_altar_2, serial_shops, shop_coins,
          gup_ossuary_entry_pyramid, uniq_duvessa
Temple:   nicolae_temple_bog_church

Skill      XL: |  1  2  3  4  5  6  7  8 |
---------------+-------------------------+-----
Polearms       | 2 |  2.2
Armour         | 3 4 5 |  5.4
Shields        | 3 4 |  4.0
Spellcasting   | 1 2 3 4 |  4.3
Air Magic      | 1 2 3 4 |  4.1
Fighting       | 4 5 |  5.4

Action                     |  1- 3 |  4- 6 |  7- 9 || total
---------------------------+-------+-------+-------++-------
  Melee: Trident           |   128 |   244 |   264 ||   636
         Tailslap          |       |     9 |    39 ||    48
  Evoke: Wand              |       |       |     3 ||     3
    Use: Potion            |       |     2 |     1 ||     3
         Scroll            |       |     6 |     2 ||     8
 Armour: Chain mail        |    74 |   121 |   169 ||   364
         Scale mail        |     1 |       |       ||     1
  Dodge: Dodged            |    35 |    79 |   118 ||   232
  Block: Buckler           |    16 |    46 |    62 ||   124
